 Dungeon Crawl Stone Soup version 0.25-a0-503-ge281fa673e (console) character file.

Game seed: 2115791821315538785, levelgen mode: deterministic

39 utis the Stinger (level 3, 0/19 HPs)
             Began as a Tengu Venom Mage on Feb 13, 2020.
             Slain by an adder (1 damage)
             ... on level 2 of the Dungeon.
             The game lasted 00:04:59 (1741 turns).

utis the Stinger (Tengu Venom Mage)                 Turns: 1741, Time: 00:05:00

Health: 0/19       AC:  2    Str: 11    XL:     3   Next: 47%
Magic:  5/7        EV: 13    Int: 15    God:
Gold:   147        SH:  0    Dex: 14    Spells: 0/6 levels left

rFire    . . .     SeeInvis .   a - +1 dagger (venom)
rCold    . . .     Gourm    .   (no shield)
rNeg     . . .     Faith    .   f - +0 robe
rPois    .         Spirit   .   (helmet restricted)
rElec    .         Reflect  .   (no cloak)
rCorr    .         Harm     .   (no gloves)
MR       .....     Rnd*Rage +   (boots unavailable)
Stlth    ++........             (no amulet)
HPRegen  0.06/turn              (no ring)
MPRegen  0.10/turn              (no ring)

@: lethally poisoned (0 -> -6)
A: beak, talons 3, berserk 1, strong 1
a: no special abilities


You were on level 2 of the Dungeon.
You were very hungry.

You visited 1 branch of the dungeon, and saw 2 of its levels.

You collected 147 gold pieces.

Inventory:

Hand Weapons
 a - a +1 dagger of venom (weapon)
 d - a +0 short sword
 e - a +0 spear
Missiles
 b - 45 stones (quivered)
Armour
 f - a +0 robe (worn)
Scrolls
 i - a scroll of teleportation {unknown}
 j - 2 scrolls of identify {unknown}
Comestibles
 c - 3 rations {@e1}


   Skills:
 * Level 3.2 Dodging
 - Level 2.0 Stealth
 - Level 2.0 Spellcasting
 - Level 0.7 Transmutations
 + Level 1.0 Air Magic
 * Level 3.7 Poison Magic


You couldn't memorise any spells.
You knew the following spells:

 Your Spells              Type           Power        Failure   Level  Hunger
a - Sting                 Tmut/Pois      #...         9%          1    #......
p - Mephitic Cloud        Conj/Pois/Air  #.......     34%         3    ###....
Y - Poisonous Vapours     Pois/Air       #.....       13%         2    ###....

Your spell library contained the following spells:

 Spells                   Type           Power        Failure   Level  Hunger
 Ignite Poison            Fire/Tmut/Pois #.......     36%         3    ###....
 Olgreb's Toxic Radiance  Pois           ##......     43%         4    #####..


Dungeon Overview and Level Annotations

Branches:
Dungeon (2/15)

Altars:


Innate Abilities, Weirdness & Mutations

You have a beak for a mouth.
You have claws for feet.
You tend to lose your temper in combat.
Your muscles are strong. (Str +2)


Message History

You barely miss the adder.
The adder is severely wounded.
You feel sick. The adder bites you.
You hit the adder but do no damage. You peck the adder.
The adder is severely wounded.
The adder bites you.
* * * LOW HITPOINT WARNING * * *
The adder bites you.
* * * LOW HITPOINT WARNING * * *
Unknown command.
It was a potion of mutation.
You feel extremely strange.
You feel a little pissed off.
You feel stronger.
* * * LOW HITPOINT WARNING * * *
You feel sick. The adder closely misses you.
Unknown command.
(D) Dungeon
Where to? (? - help)
Okay, then.
The adder bites you.
You die...

.▓▓▓. ░░.░
..▓.. ░░..░
▒.▓S▒
░░..░░
▒.▓.▒░░..░░
▒.▓.▒░..░░
▒.▓.▒░.░░
▒...▒░.░
▒▒'▒▒░.░
░..SQ.░
░░░░░░░


You could see an adder.

Vanquished Creatures
  2 oozes
  2 dart slugs (D:1)
  2 leopard geckos (D:1)
  A bat (D:1)
  2 giant cockroaches
  2 frilled lizards (D:1)
  6 goblins (D:1)
  7 kobolds
  A rat (D:1)
25 creatures vanquished.

Notes
Turn   | Place    | Note
-------+----------+-------------------------------------------
     0 | D:1      | utis the Tengu Venom Mage began the quest for the Orb.
     0 | D:1      | Reached XP level 1. HP: 10/10 MP: 4/4
   319 | D:1      | Reached XP level 2. HP: 15/15 MP: 3/6
   346 | D:1      | Learned a level 2 spell: Poisonous Vapours
   908 | D:1      | Reached XP level 3. HP: 19/19 MP: 7/7
  1560 | D:2      | Learned a level 3 spell: Mephitic Cloud
  1586 | D:2      | Reached skill level 1 in Air Magic
  1740 | D:2      | Gained mutation: You tend to lose your temper in combat.
                  | [potion of mutation]
  1740 | D:2      | Gained mutation: Your muscles are strong. (Str +2) [potion
                  | of mutation]
  1741 | D:2      | Slain by an adder

Levels and vault maps discovered:
D:1:      scummos_arrival_forest, layout_basic, minmay_box_of_dots
D:2:      kennysheep_six_static_rooms, layout_basic,
          nicolae_tso_swordbearing_angel, zin_academy

Skill      XL: |  1  2  3 |
---------------+----------+-----
Dodging        | 3 |  3.2
Air Magic      | 1 |  1.0
Stealth        | |  2.0
Spellcasting   | |  2.0
Transmutations | |  0.7
Poison Magic   | |  3.7

Action                   || total
-------------------------++-------
Melee: Unarmed           ||     1
       Dagger            ||    25
       Peck              ||     5
       Kick              ||     5
Throw: Stone             ||     1
 Cast: Sting             ||    20
       Poisonous Vapours ||     7
  Use: Potion            ||     1
  Eat: Chunk             ||     2
Armor: Robe              ||     2
Dodge: Dodged            ||    22

Table legend:
 A = Non-vault XP
 B = Vault XP
 C = Vault XP percentage of total XP
 D = Non-vault monster count
 E = Vault monster count
 F = Vault count percentage of total count
                 A         B        C        D         E       F
            +---------+---------+-------+---------+---------+-------
      Total |      46 |      11 |  19.3 |      21 |       4 |  16.0
            +---------+---------+-------+---------+---------+-------
        D:1 |      30 |      11 |  26.8 |      15 |       4 |  21.1
        D:2 |      16 |       0 |   0.0 |       6 |       0 |   0.0
            +---------+---------+-------+---------+---------+-------
